 Dungeon Crawl Stone Soup version 0.26-a0-639-g72c4674329 (webtiles) character file.

Game seed: 3859641786608463534

56 KristoblXynda the Slasher (level 3, -7/31 HPs)
             Began as a Draconian Gladiator on Sept 19, 2020.
             Mangled by a gnoll
             ... wielding a +1 spear of freezing
              (11 damage)
             ... on level 2 of the Dungeon.
             The game lasted 00:01:58 (2030 turns).

KristoblXynda the Slasher (Draconian Gladiator)     Turns: 2030, Time: 00:01:59

Health: -7/31      AC:  6    Str: 16    XL:     3   Next: 71%
Magic:  12/12      EV: 13    Int:  9    God:
Gold:   72         SH:  0    Dex: 12    Spells: 2/2 levels left

rFire    . . .     SeeInvis .   a - +0 long sword
rCold    . . .     Faith    .   (no shield)
rNeg     . . .     Spirit   .   (armour unavailable)
rPois    +         Reflect  .   b - +0 hat
rElec    .         Harm     .   l - +0 cloak
rCorr    .         Rampage  .   (no gloves)
MR       .....                  (no boots)
Stlth    +.........             (no amulet)
HPRegen  0.10/turn              h - ring of poison resistance
MPRegen  0.13/turn              f - ring of magical power

@: no status effects
A: unfitting armour, cold-blooded, AC +5
a: no special abilities


You were on level 2 of the Dungeon.
You visited 1 branch of the dungeon, and saw 2 of its levels.

You collected 72 gold pieces.

Inventory:

Hand Weapons
 a - a +0 long sword (weapon)
Missiles
 c - 3 throwing nets (quivered)
Armour
 b - a +0 hat (worn)
 j - a +0 buckler
 l - a +0 cloak (worn)
Jewellery
 f - a ring of magical power (right hand)
 h - a ring of poison resistance (left hand)
Scrolls
 d - 2 scrolls of magic mapping {unknown}
 e - 3 scrolls of identify {unknown}
 m - a scroll of random uselessness {unknown}
 n - a scroll of teleportation {unknown}
 p - a scroll of fear {unknown}
Potions
 g - 2 potions of berserk rage {unknown}
 i - a potion of mutation {unknown}
 k - a potion of stabbing {unknown}
 o - 2 potions of curing {unknown}


   Skills:
 + Level 3.0 Fighting
 + Level 3.7 Long Blades
 - Level 2.0 Throwing
 + Level 3.1 Dodging
 + Level 0.3 Shields


You had 2 spell levels left.
You didn't know any spells.
Your spell library contained the following spells:

 Spells                   Type           Power        Failure   Level
 Confusing Touch          Hex            #.......     77%         3
 Gell's Gravitas          Tloc           #.........   77%         3
 Petrify                  Tmut/Erth      #.......     99%         4
 Metabolic Englaciation   Hex/Ice        #.........   100%        5
 Yara's Violent Unravell  Hex/Tmut       #.........   100%        5


Dungeon Overview and Level Annotations

Branches:
Dungeon (2/15)

Altars:


Innate Abilities, Weirdness & Mutations

Your plain brown scales are hard. (AC +5)
You cannot fit into any form of body armour.
You are cold-blooded and may be slowed by cold attacks.


Message History

You closely miss the bat.
The bat is severely wounded.
The bat barely misses you. The bat hits you but does no damage.
The bat hits you.
You closely miss the bat.
The bat is moderately wounded.
The bat hits you but does no damage. The bat closely misses you.
The bat misses you.
You riposte.
You hit the bat.
You kill the bat!
The gnoll hits you from afar with a +1 spear of freezing!
The gnoll freezes you.
The gnoll hits you with a +1 spear of freezing!
* * * LOW HITPOINT WARNING * * *
The gnoll freezes you.
* * * LOW HITPOINT WARNING * * *
You barely miss the gnoll. The gnoll hits you but does no damage.
You hit the gnoll but do no damage.
The gnoll hits you with a +1 spear of freezing!
You die...

#....#.######## #.
........#....# #. #.
........#....#######.
..###...#...(†..........
..................##.†..
........................
..##!..............#....
............#.###..#....
.......@....#.#.........
....###g....#.......#...
............#........##.
..!..##....##.....##.##.
#..........#####..##..#.
...........# #..##....
.##........#####..##....
$......................
J#..............†......


You could see a gnoll.

Vanquished Creatures
  2 oozes (D:2)
  A worm (D:2)
  A leopard gecko (D:1)
  2 giant cockroaches
  11 goblins
  6 hobgoblins
  3 quokkas (D:2)
  A ball python (D:1)
  5 bats
  3 frilled lizards
  3 kobolds
  3 rats (D:2)
41 creatures vanquished.

Notes
Turn   | Place    | Note
-------+----------+-------------------------------------------
     0 | D:1      | KristoblXynda the Draconian Gladiator began the quest for
                  | the Orb.
     0 | D:1      | Reached XP level 1. HP: 17/17 MP: 1/1
   320 | D:1      | Reached XP level 2. HP: 4/25 MP: 2/2
  1542 | D:2      | Reached XP level 3. HP: 30/30 MP: 3/3
  2030 | D:2      | Mangled by a gnoll

Illustrated notes

Levels and vault maps discovered:
D:1:      eino_arrival_druids_welcome, layout_basic,
          minmay_misc_feat_four_crosses, chequers_serial_rivers_room_b
D:2:      layout_basic, minmay_domino_4

Skill      XL: |  1  2  3 |
---------------+----------+-----
Throwing       | 2 |  2.0
Dodging        | 3 |  3.1
Fighting       | 3 |  3.0
Long Blades    | |  3.7
Shields        | |  0.3

Action                   || total
-------------------------++-------
Melee: Long sword        ||    99
       Tailslap          ||    15
Armor: Skin              ||    41
Dodge: Dodged            ||    72
       Rpst.: Long sword ||    29

Table legend: (Time is in decaauts)
 A = Elapsed time spent in this place.
 B = Non-inter-level travel time spent in this place.
 C = Inter-level travel time spent in this place.
 D = Time resting spent in this place.
 E = Time spent auto-exploring this place.
 F = Levels seen in this place.
 G = Mean time per level.
                   A        B        C        D        E       F      G
               +--------+--------+--------+--------+--------+-----+--------+
         Total |   2056 |   2024 |     32 |    512 |   1181 |   2 | 1028.0 |
       Dungeon |   2056 |   2024 |     32 |    512 |   1181 |   2 | 1028.0 |
               +--------+--------+--------+--------+--------+-----+--------+

Top non-repeatable levels by time:
     D:1: 1450 daAuts
     D:2: 606 daAuts
